 Dungeon Crawl Stone Soup version 0.25.1-8-g42b30a86e7 (webtiles) character file.

Game seed: 5617035144019724390

390 Gabide the Ruffian (level 6, 0/52 HPs)
             Began as a Ghoul Abyssal Knight on Dec 4, 2020.
             Was a Believer of Lugonu.
             Slain by a frilled lizard (3 damage)
             ... on level 3 of the Dungeon.
             The game lasted 00:08:51 (2848 turns).

Gabide the Ruffian (Ghoul Abyssal Knight)           Turns: 2848, Time: 00:08:52

Health: 0/52       AC:  4    Str: 18    XL:     6   Next: 80%
Magic:  5/6        EV: 12    Int:  7    God:    Lugonu [**....]
Gold:   213        SH:  0    Dex:  8    Spells: 5/5 levels left

rFire    . . .     SeeInvis .     - Unarmed
rCold    + . .     Gourm    .   (no shield)
rNeg     + + +     Faith    .   k - +1 leather armour (curse)
rPois    ∞         Spirit   .   (no helmet)
rElec    .         Reflect  .   (no cloak)
rCorr    .         Harm     .   (no gloves)
MR       .....                  (no boots)
Stlth    +.........             (no amulet)
HPRegen  0.00/turn              (no ring)
MPRegen  0.10/turn              (no ring)

@: rotting
A: rotting body, claws 1, carnivore, cold resistance 1, negative energy
resistance 3, inhibited regeneration, torment resistance, unbreathing
a: Depart the Abyss, Bend Space, Renounce Religion


You were on level 3 of the Dungeon.
You worshipped Lugonu.
Lugonu was pleased with you.
You were not hungry.

You visited 1 branch of the dungeon, and saw 4 of its levels.
You visited the Abyss 1 time.

You collected 213 gold pieces.

Inventory:

Missiles
 d - 5 javelins (quivered)
Armour
 a - a +0 ring mail
 k - a cursed +1 leather armour (worn)
Scrolls
 e - a scroll of fog
 f - a scroll of teleportation
Potions
 c - a potion of flight
 g - a potion of cancellation
 i - a potion of haste {unknown}
 j - a potion of degeneration {unknown}
Comestibles
 b - 4 rations


   Skills:
 + Level 4.0 Fighting
 * Level 1.6 Throwing
 + Level 2.6 Armour
 * Level 2.5 Dodging
 * Level 5.6 Unarmed Combat
 - Level 2.0 Invocations


You had 5 spell levels left.
You didn't know any spells.
Your spell library was empty.

Dungeon Overview and Level Annotations

Branches:
Dungeon (4/15)             Temple (0/1) D:4

Altars:
Kikubaaqudgha


Innate Abilities, Weirdness & Mutations

Your body is rotting away.
You thrive on raw meat.
You are immune to poison.
You have sharp fingernails.
You are carnivorous and can eat meat at any time.
Your flesh is cold resistant. (rC+)
You are immune to negative energy. (rN+++)
You do not regenerate when monsters are visible.
You are immune to unholy pain and torment.
You can survive without breathing.


Message History

The orc is heavily wounded.
The frilled lizard bites you but does no damage.
The orc barely misses you.
You scratch the orc.
The orc is heavily wounded.
The frilled lizard bites you.
* * * LOW HITPOINT WARNING * * *
The orc hits you with a +0 whip.
* * * LOW HITPOINT WARNING * * *
The orc hits you but does no damage.
You fail to use your ability.
The orc hits you from afar with a +0 trident.
* * * LOW HITPOINT WARNING * * *
The frilled lizard closely misses you. The orc hits you with a +0 whip.
* * * LOW HITPOINT WARNING * * *
The frilled lizard bites you.
* * * LOW HITPOINT WARNING * * *
Space bends around you!
You blink.
The orc closely misses you. The frilled lizard bites you.
You die...

######.##..........# #.#.#
#÷##..........# #.#.#
######.##..........# #.#.#
##..##.............# #####
'.)..####..........# ....(
#....# #.........§#......
##(.#####..........#.....≈
[##'#..##........lo)...§..
..##....#.......@.)o!...§.
...+....#.###'##...#o.≈...
...##..##.###.##...#..§...
...##'##..#...##...#......
..##..##..#...###### #####
.##....#..#...#
##÷....#..###.#######
..##..##..###.......#
...####.............#


You could see 3 orcs and a frilled lizard.

Vanquished Creatures
  Sigmund (D:3)
  An ogre (D:3)
  4 gnolls
  2 adders (D:2)
  4 worms
  3 leopard geckos
  6 orcs (D:3)
  4 bats
  2 giant cockroaches
  7 goblins
  5 hobgoblins
  10 kobolds
  2 quokkas (D:3)
  2 ball pythons
  7 frilled lizards
  8 rats
68 creatures vanquished.

Notes
Turn   | Place    | Note
-------+----------+-------------------------------------------
     0 | Abyss:1  | Gabide the Ghoul Abyssal Knight began the quest for the
                  | Orb.
     0 | Abyss:1  | Reached XP level 1. HP: 19/19 MP: 1/1
    99 | Abyss:1  | Noticed a large abomination
   146 | Abyss:1  | Noticed a green death
   147 | D:1      | Escaped the Abyss
   214 | D:1      | Reached skill level 1 in Dodging
   316 | D:1      | Reached XP level 2. HP: 26/26 MP: 2/2
   401 | D:1      | Reached * piety under Lugonu
   690 | D:1      | You fall into a shaft and drop 1 floor!
   714 | D:2      | Reached XP level 3. HP: 30/33 MP: 3/3
   721 | D:2      | Reached skill level 3 in Unarmed Combat
  1112 | D:2      | Reached XP level 4. HP: 40/40 MP: 4/4
  1522 | D:3      | Found an ancient bone altar of Kikubaaqudgha.
  1523 | D:3      | Noticed Sigmund
  1570 | D:3      | Killed Sigmund
  1570 | D:3      | Reached skill level 1 in Throwing
  1570 | D:3      | Reached skill level 4 in Unarmed Combat
  1570 | D:3      | Reached XP level 5. HP: 26/46 MP: 5/5
  1570 | D:3      | Reached XP level 6. HP: 29/52 MP: 6/6
  1924 | D:3      | Reached skill level 5 in Unarmed Combat
  1947 | D:4      | Found a staircase to the Ecumenical Temple.
  1948 | D:4      | HP: 2/52 [orc wizard/magic dart (6)]
  2507 | D:3      | Reached ** piety under Lugonu
  2754 | D:3      | Found a faded altar of an unknown god.
  2848 | D:3      | Slain by a frilled lizard

Illustrated notes

Levels and vault maps discovered:
D:1:      lightli_arrival_noodles, layout_loops_corners,
          chequers_serial_rivers_micro_e
D:2:      layout_loops_ring, nicolae_overflow_hidden_temple,
          lightli_corner_chamber
D:3:      minmay_bubble_buster, layout_basic, old_standard_altar, serial_glass,
          glass_columns_c, glass_columns_c, chequers_ecumenical_altar_lobes,
          kennysheep_generic_room_7, uniq_sigmund, uniq_ijyb
D:4:      layout_gridville, kennysheep_mini_moat, temple_statues,
          okawaru_ov_weapons_minmay

Skill      XL: |  1  2  3  4  5  6 |
---------------+-------------------+-----
Dodging        | 1 2 |  2.5
Armour         | 2 |  2.6
Unarmed Combat | 3 4 5 |  5.6
Throwing       | 1 |  1.6
Fighting       | 4 |  4.0
Invocations    | |  2.0

Action                   |  1- 3 |  4- 6 || total
-------------------------+-------+-------++-------
Melee: Unarmed           |    77 |   136 ||   213
       Punch             |     2 |     2 ||     4
Throw: Javelin           |     7 |    16 ||    23
       Throwing net      |       |     1 ||     1
Invok: Depart the Abyss  |     1 |       ||     1
       Bend Space        |       |     1 ||     1
  Use: Scroll            |     6 |     3 ||     9
       Potion            |       |     4 ||     4
  Eat: Chunk             |     3 |     5 ||     8
Armor: Leather armour    |     3 |    30 ||    33
       Ring mail         |    17 |     9 ||    26
Dodge: Dodged            |    41 |   106 ||   147
